 Dungeon Crawl Stone Soup version 0.19-a0-1223-gf83d13a (webtiles) character file.

3849 PurpleRed the Destroyer (level 9, -2/55 HPs)
             Began as a Deep Elf Conjurer on Aug 24, 2016.
             Was a Believer of Vehumet.
             Slain by Joseph
             ... wielding a +6 quarterstaff of draining
              (3 damage)
             ... on level 9 of the Dungeon.
             The game lasted 00:33:03 (2618 turns).

PurpleRed the Destroyer (Deep Elf Conjurer)         Turns: 2618, Time: 00:33:03

Health: -2/55      AC:  5    Str: 10    XL:     9   Next: 98%
Magic:  4/24       EV: 12    Int: 24    God:    Vehumet [**....]
Gold:   336        SH:  0    Dex: 15    Spells: 4 memorised, 15 levels left

rFire  . . .     SeeInvis .     H - +2 flail (drain)
rCold  . . .     Gourm    .     a - +0 robe
rNeg   . . .     Faith    +     (no shield)
rPois  .         Spirit   .     (no helmet)
rElec  .         Dismiss  .     (no cloak)
rCorr  .         Reflect  .     (no gloves)
MR     +....     Harm     .     n - +2 pair of boots
Stlth  ++........               C - amulet of faith
                                (no ring)
                                E - ring of protection from magic

@: mighty, flying, heavily drained
A: robust 1
a: Renounce Religion


You were on level 9 of the Dungeon.
You worshipped Vehumet.
Vehumet was pleased with you.
You were hungry.

You visited 2 branches of the dungeon, and saw 11 of its levels.

You collected 336 gold pieces.

Inventory:

Hand Weapons
 e - a +0 dagger
 h - a +0 mace
 l - a +0 spear
 m - a +0 falchion
 o - a cursed -3 short sword
 p - a +1 shortbow
 B - a +0 spear of piercing
 H - a +2 flail of draining (weapon)
Missiles
 q - 43 arrows
Armour
 a - a +0 robe (worn)
 n - a +2 pair of boots (worn)
 x - a +0 buckler
Jewellery
 C - an amulet of faith (around neck)
 E - a ring of protection from magic (left hand)
Wands
 f - a wand of random effects (8/48)
 s - a wand of lightning (1/15)
 y - a wand of iceblast (3/15)
 J - a wand of acid (10/15)
Scrolls
 u - a scroll of magic mapping
 A - a scroll of remove curse
Potions
 d - a potion of resistance
 r - a potion of cure mutation
 z - a potion of lignification {unknown}
 D - a potion of agility {unknown}
 F - a potion of mutation {unknown}
Books
 b - a book of Conjurations

   Spells                             Type                      Level
   a - Magic Dart                     Conjuration                  1
   b - Searing Ray                    Conjuration                  2
   c - Dazzling Spray                 Conjuration/Hexes            3
   d - Fulminant Prism                Conjuration/Hexes            4
   e - Iskenderun's Mystic Blast      Conjuration                  4
   f - Iskenderun's Battlesphere      Conjuration/Charms           5
Comestibles
 c - 5 bread rations
 g - 4 beef jerkies
 i - a royal jelly
 k - 3 meat rations
 t - 9 slices of pizza
 G - 3 fruits


   Skills:
 - Level 3.0(1.3) Fighting
 + Level 3.2(1.6) Dodging
 - Level 2.4(0.7) Stealth
 + Level 9.9(7.9) Spellcasting
 * Level 12.0(9.8) Conjurations
 - Level 7.0(5.1) Charms


You had 15 spell levels left.
You knew the following spells:

 Your Spells              Type           Power        Failure   Level  Hunger
a - Magic Dart            Conj           ####         1%          1    None
b - Searing Ray           Conj           ######       1%          2    None
c - Iskenderun's Mystic   Conj           ######..     1%          4    ##.....
d - Iskenderun's Battles  Conj/Chrm      #####...     10%         5    #####..


Dungeon Overview and Level Annotations

Branches:
Dungeon (10/15)            Temple (1/1) D:6            Lair (0/6) D:8
    Orc: D:9-12

Altars:
Ashenzari
Cheibriados
Elyvilon
Fedhas
Gozag
Hepliaklqana
Kikubaaqudgha
Makhleb
Nemelex Xobeh
Okawaru
Qazlal
Ru
Trog
Uskayaw
Vehumet
Xom
Yredelemnul
The Shining One

Annotations:
D:9 Joseph


Innate Abilities, Weirdness & Mutations

You are robust. (+10% HP)


Message History

* * * LOW HITPOINT WARNING * * *
You feel drained.
* * * LOW HITPOINT WARNING * * *
You feel much better. Joseph says, "I'm happy to see you.
And I'll be happy to kill you."
Joseph hits you with an uncursed quarterstaff of draining!
You feel drained.
Casting: Searing Ray
Confirm with . or Enter, or press ? or * to list all spells.
Okay, then.
Unknown command.
Okay, then.
As you read the scroll labeled WEPPEP WIPN, it crumbles to dust.
Your body is wracked with pain!
* * * LOW HITPOINT WARNING * * *
Joseph convulses!
The orc convulses!
It was a scroll of torment.
Joseph hits you with an uncursed quarterstaff of draining!
* * * LOW HITPOINT WARNING * * *
You feel drained.
You die...

.......##..........#..##.......#
.......##..........'.###.......#
..)....##..........### #.......#
.......##..........# #.......#
...................# #.......#
.......#.........(.# ....>...#
.......##..........# #........#
####+####..........# #._.###+##
########@### #...# #@# ##.## #o#
##.# ###).# #...## ##o#######
@######.........
.'.....@########


You could see Joseph and an orc.

Vanquished Creatures
  A wyvern (D:8)
  A hippogriff (D:8)
  Eustachio (D:5)
  A human (D:9)
  A water moccasin (D:9)
  4 orc warriors
  An ice beast (D:8)
  A black bear (D:6)
  An eye of draining (D:9)
  3 centaurs
  A phantom (D:9)
  6 ogres
  Blork the orc (D:6)
  4 giant frogs
  A scorpion (D:7)
  12 killer bees
  4 howler monkeys
  4 crimson imps
  A giant frog zombie (D:6)
  A quasit (D:6)
  2 hounds
  A jelly (D:5)
  An orc priest (D:9)
  A giant frog skeleton (D:9)
  3 orc wizards
  2 iguanas
  3 worker ants
  6 adders
  A shadow imp (D:9)
  An adder zombie (D:6)
  An adder skeleton (D:7)
  2 worms
  A dart slug (D:3)
  2 giant geckos (D:5)
  26 orcs
  A giant cockroach (D:8)
  A hobgoblin (D:2)
  4 jackals
  2 quokkas (D:6)
  A bat (D:3)
  2 giant newts
  A goblin (D:2)
  A kobold (D:1)
  A rat (D:2)
117 creatures vanquished.

Notes
Turn   | Place    | Note
-------+----------+-------------------------------------------
     0 | D:1      | PurpleRed the Deep Elf Conjurer began the quest for the Orb.
     0 | D:1      | Reached XP level 1. HP: 10/10 MP: 6/6
    58 | D:2      | Reached XP level 2. HP: 15/15 MP: 5/8
    62 | D:2      | Learned a level 2 spell: Searing Ray
    67 | D:2      | Reached skill level 5 in Conjurations
   173 | D:3      | Reached XP level 3. HP: 19/19 MP: 1/10
   197 | D:3      | Found an iron altar of Okawaru.
   250 | D:4      | Noticed an ogre
   256 | D:4      | Killed an ogre
   256 | D:4      | Reached XP level 4. HP: 24/24 MP: 6/12
   265 | D:4      | Noticed a centaur
   295 | D:4      | Killed a centaur
   295 | D:4      | Reached skill level 5 in Spellcasting
   295 | D:4      | Reached skill level 6 in Conjurations
   295 | D:4      | Reached XP level 5. HP: 20/28 MP: 2/14
   432 | D:4      | Learned a level 4 spell: Iskenderun's Mystic Blast
   438 | D:4      | Learned a level 5 spell: Iskenderun's Battlesphere
   446 | D:4      | Reached skill level 7 in Conjurations
   446 | D:4      | Reached XP level 6. HP: 32/32 MP: 10/16
   491 | D:5      | Entered Level 5 of the Dungeon
   557 | D:5      | Reached skill level 1 in Charms
   639 | D:5      | Noticed Eustachio
   706 | D:5      | Killed Eustachio
   706 | D:5      | Reached XP level 7. HP: 28/36 MP: 4/18
   772 | D:6      | Reached skill level 8 in Conjurations
   873 | D:4      | Found a hazy altar of Hepliaklqana.
  1080 | D:6      | Reached skill level 9 in Conjurations
  1080 | D:6      | Reached XP level 8. HP: 30/41 MP: 3/20
  1172 | D:6      | Found a staircase to the Ecumenical Temple.
  1186 | Temple   | Entered the Ecumenical Temple
  1302 | Temple   | Became a worshipper of Vehumet
  1364 | D:6      | Gained mutation: You are robust. (+10% HP) [potion of beneficial mutation]
  1388 | D:6      | Noticed Blork the orc
  1392 | D:6      | Killed Blork the orc
  1392 | D:6      | Reached skill level 5 in Charms
  1698 | D:6      | Reached * piety under Vehumet
  1698 | D:6      | Offered knowledge of Shock by Vehumet.
  1698 | D:6      | Reached skill level 10 in Conjurations
  1867 | D:7      | Reached XP level 9. HP: 49/49 MP: 8/23
  2040 | D:8      | Reached skill level 1 in Fighting
  2095 | D:8      | Found a sacrificial altar of Ru.
  2133 | D:8      | Found a staircase to the Lair.
  2158 | D:8      | Reached skill level 11 in Conjurations
  2186 | D:8      | Reached ** piety under Vehumet
  2195 | D:8      | Offered knowledge of Sting by Vehumet.
  2253 | D:10     | Entered Level 10 of the Dungeon
  2547 | D:9      | Found a snail-covered altar of Cheibriados.
  2593 | D:9      | Noticed Joseph
  2594 | D:9      | HP: 1/55 [Joseph/sling bullet (3)]
  2609 | D:9      | Reached skill level 12 in Conjurations
  2609 | D:9      | Offered knowledge of Stone Arrow by Vehumet.
  2618 | D:9      | HP: 1/55 [Joseph/uncursed quarterstaff of draining (10)]
  2618 | D:9      | Slain by Joseph

Vault maps used:
D:1:      lightli_arrival_lavapool
D:2:      zin_statuary, lemuel_blue_sif_altar
D:3:      okawaru_ov_weapons_minmay, first_bread, ecumenical_altar_2,
          uniq_grinder, uniq_iyjb
D:4:      lemuel_upstairs_altar, hangedman_decor_clover_reticule,
          kennysheep_crisscross
D:5:      serial_glass, glass_columns_a, glass_columns_a,
          kennysheep_generic_room_8, uniq_eustachio
D:6:      uniq_blork_the_orc
D:7:      overflow_temple_1_default
D:8:      lemuel_round_altar, dpeg_oklobed_lair
D:9:      cheibriados_altar_1, grunt_pizzeria, uniq_joseph
D:10:     orc_0_dummy, nemelex_diamond_rough_becter
Temple:   regret_index_temple_generic_petals

Skill      XL: |  1  2  3  4  5  6  7  8  9 |
---------------+----------------------------+-----
Conjurations   | 5 6 7 9 10 12 | 12.0
Spellcasting   | 4 5 6 7 8 9 |  9.9
Charms         | 2 4 7 |  7.0
Fighting       | 3 |  3.0
Dodging        | 3 |  3.2
Stealth        | |  2.4

Action                   |  1- 3 |  4- 6 |  7- 9 || total
-------------------------+-------+-------+-------++-------
Melee: Mace              |     3 |     2 |       ||     5
       Falchion          |       |       |    27 ||    27
       Flail             |       |       |    13 ||    13
 Fire: Shortbow          |       |     5 |    35 ||    40
 Cast: Magic Dart        |    15 |    16 |   111 ||   142
       Searing Ray       |     2 |    10 |    14 ||    26
       Iskenderun's Batt |       |       |    21 ||    21
       Iskenderun's Myst |       |       |     2 ||     2
Evoke: Wand              |       |       |     4 ||     4
  Use: Scroll            |     1 |     4 |    10 ||    15
       Potion            |       |     1 |     7 ||     8
 Stab: Sleeping          |     1 |       |       ||     1
  Eat: Chunk             |       |       |     9 ||     9
Armor: Robe              |     1 |    22 |    17 ||    40
Dodge: Dodged            |     4 |    72 |    55 ||   131
